AoeStats
← Andre_Roach

Arabia

507647851Analyzed
1v1 RM · 12d ago on Sep 19, 2026· 29m 54s· 2 players
Game mode
Random Map
Map size
Tiny (2 player)
Population
200
Speed
Normal
Resources
Standard
Victory
Conquest
Starting age
Dark Age
Ending age
Imperial Age
RankedLock teamsTeams togetherTeam positionsShared explorationLock speedFull tech treeHidden civsTurbo modeCheats
Victory
Defeat
🇲🇽 Goths · Mexico
1177
+17
🇺🇸 Chinese · United States
1193
-17
kuTgo
6:45 Loom
9:45 Feudal Age
10:18 Man-at-Arms
16:58 Wheelbarrow
17:06 Scale Mail Armor
16:58 Fletching
17:09 Double-Bit Axe
21:01 Forging
24:14 Castle Age
23:45 Bloodlines
23:42 Scale Barding Armor
23:38 Horse Collar
26:46 Bow Saw
27:41 Chain Barding Armor
30:29 Hand Cart
30:22 Heavy Plow
Andre_Roach
0:27 Loom
9:51 Feudal Age
10:20 Man-at-Arms
15:54 Double-Bit Axe
17:02 Fletching
18:27 Scale Mail Armor
18:20 Horse Collar
18:45 Padded Archer Armor
24:38 Castle Age
24:56 Gold Mining
26:10 Scale Mail Armor
26:21 Forging
26:54 Bow Saw
30:01 Fervor
Connection lost

Rejoining the realm…

Still unreachable

The connection could not be restored.

Session expired

The server has moved on; the page needs a fresh start.